 Dungeon Crawl Stone Soup version 0.31-a0-876-gfe8ebadbca (webtiles) character file.

Game seed: 13392969221158032605

2045 kae the Changeling (level 8, -1/63 HPs)
             Began as a Demigod Shapeshifter on Oct 13, 2023.
             Slain by a gnoll sergeant
             ... wielding a +3 antimagic spear
              (6 damage)
             ... on level 6 of the Dungeon.
             The game lasted 00:03:06 (4291 turns).

kae the Changeling (Demigod Shapeshifter)           Turns: 4291, Time: 00:03:06

Health: -1/63      AC:  8    Str: 14 (15) XL:     8   Next: 75%
Magic:  0/10       EV: 12    Int: 12 (14) God:
Gold:   333        SH:  5    Dex: 17 (18) Spells: 7/7 levels left

rFire   . .          .
                       - Unarmed
rCold   . . .        (shield currently unavailable)
rNeg    . . .        l - +0 ring mail "Zixko" {rElec Regen+ Int+2 Dex-3}
rPois   .            (no helmet)
rElec   +            (no cloak)
rCorr   .            u - +2 pair of gloves
SInv    .            (no boots)
Will    +....        p - amulet of reflection
Stlth   +            (no ring)
HPRegen 1.10/turn    (no ring)
MPRegen 0.12/turn

%: reflection
@: mighty, brilliant, flux-form, attractive, enlightened, flying, glowing
A: glow, contaminating, high MP 1, forlorn, divine attributes
a: Begin Untransformation


You were on level 6 of the Dungeon.
You were something dangerously unstable.
You visited 1 branch of the dungeon, and saw 6 of its levels.

You collected 333 gold pieces.


Innate Abilities, Weirdness & Mutations

You are something dangerously unstable.
You glow with magical radiation, making you easy to see and hit.
Foes you strike become dangerously contaminated with magical radiation.
You are incapable of wielding weapons or throwing items.
You have an increased reservoir of magic. (+10% MP)
You shall have no god before yourself.
Your divine heritage dramatically boosts your attributes as you level up.


   Skills:
 + Level 3.4 Fighting
 + Level 3.9 Dodging
 + Level 6.2 Unarmed Combat
 * Level 7.7 Shapeshifting


You had 7 spell levels left.
You didn't know any spells.
Your spell library contained the following spells:

 Spells                   Type           Power      Damage    Failure   Level
 Apportation              Tloc           0%         N/A       56%         1
 Magic Dart               Conj           0%         1d3       56%         1
 Necrotise                Necr           0%         1d4       56%         1
 Sting                    Tmut/Pois      0%         1d3       56%         1
 Summon Small Mammal      Summ           0%         N/A       56%         1
 Call Imp                 Summ           0%         N/A       71%         2
 Poisonous Vapours        Pois/Air       0%         N/A       71%         2
 Sublimation of Blood     Necr           0%         N/A       71%         2
 Wereblood                Tmut           0%         N/A       71%         2
 Gell's Gravitas          Tloc           0%         N/A       90%         3
 Mephitic Cloud           Conj/Pois/Air  0%         N/A       90%         3
 Ozocubu's Armour         Ice            0%         N/A       90%         3
 Teleport Other           Tloc           0%         N/A       90%         3
 Animate Armour           Summ/Erth      0%         N/A       100%        4
 Olgreb's Toxic Radiance  Pois           0%         N/A       100%        4
 Summon Lightning Spire   Summ/Air       0%         N/A       100%        4
 Lee's Rapid Deconstruct  Erth           0%         3d4*      100%        5
 Dispersal                Tloc           0%         N/A       100%        6
 Ozocubu's Refrigeration  Ice            0%         4d7       100%        7
 Summon Hydra             Summ           0%         N/A       100%        7

Inventory:

Missiles
 e - 34 stones
 r - 7 poisoned darts
Armour
 a - a +0 animal skin
 l - the +0 ring mail "Zixko" (worn) {rElec Regen+ Int+2 Dex-3}
   (You found it on level 2 of the Dungeon)

   Int+2:     It affects your intelligence (+2).
   Dex-3:     It affects your dexterity (-3).
   rElec:     It insulates you from electricity.
   Regen+:    It increases your rate of health regeneration.
 u - a +2 pair of gloves (worn)
   (You found it on level 5 of the Dungeon)
Jewellery
 p - an amulet of reflection (around neck)
   (You found it on level 2 of the Dungeon)
Talismans
 c - a beast talisman
 d - a flux talisman (active)
Scrolls
 f - a scroll of enchant weapon {unknown}
 h - 3 scrolls of teleportation {unknown}
 i - 5 scrolls of identify {unknown}
 k - a scroll of silence {unknown}
 o - 2 scrolls of enchant armour {unknown}
 q - a scroll of poison {unknown}
 y - a scroll of vulnerability {unknown}
 z - a scroll of revelation {unknown}
Potions
 b - a potion of lignification {!q}
 g - a potion of brilliance
 j - a potion of ambrosia {unknown}
 s - a potion of magic {unknown}
 t - 2 potions of heal wounds {unknown}
 w - 2 potions of curing {unknown}

Dungeon Overview and Level Annotations

Branches:
Dungeon (6/15) Zot: 26782  Temple (0/1) D:4

Shops:
D:5

? ...........## #....##
...........#.### ##...#.
...........#...######...
..........##.....##..)..
......$gg####........)).
#g#...............
#g###..........#.. #†#
##............ #p##
#..........[#
#..###.....)...###
##..##.........##.
##..##.......###.
##...........##.
.......#.........##.
....#..#..........#. ..#
#.............#. .
................


You could see a gnoll sergeant and 3 gnolls.


Message History

No target in view!
No target in view!
z - a scroll labelled FOUPUMOBRO Key pressed, stopping explore.
No target in view!
No target in view!
A gnoll comes into view. It is wielding a +0 halberd.
The gnoll shouts!
A gnoll comes into view. It is wielding a +0 club.
The gnoll shouts!
You hear a shout!
A bullfrog comes into view.
A gnoll comes into view. It is wielding a +0 halberd.
A gnoll sergeant comes into view. It is wielding a +3 antimagic spear.
The gnoll shouts!
There are monsters nearby!
The gnoll hits you with a +0 halberd! The gnoll completely misses you.
You hit the gnoll.
The gnoll begins to glow.
The bullfrog hits you. The gnoll barely misses you.
The gnoll hits you with a +0 halberd!
There are monsters nearby!
You are too injured to fight recklessly!
You are too injured to fight recklessly! 😮 HP[-22]
You take 22 damage, and now have 41/63 hp.
MASSIVE DAMAGE!! (PAUSE)
The gnoll hits you from afar with a +0 halberd.
You block the gnoll's attack.
The gnoll sergeant attacks as it pursues you!
The gnoll sergeant hits you from afar with a +3 antimagic spear.
You feel your power leaking away. 😮 HP[-4] MP[-1]
You take 4 damage, and now have 37/63 hp.
You lost 1 mp, and now have 9/10 mp.
The bullfrog barely misses you. 😮 HP[+1] 😮 HP[+1]
You hit the bullfrog but do no damage.
The bullfrog begins to glow.
The bullfrog misses you. 😮 HP[+1]
You are too injured to fight recklessly!
You are too injured to fight recklessly!
You hit the bullfrog.
The bullfrog glows dangerously bright.
The bullfrog misses you.
The bullfrog hits you but does no damage. 😮 HP[+1]
You are too injured to fight recklessly!
You are too injured to fight recklessly!
You barely miss the bullfrog. The bullfrog completely misses you.
The gnoll sergeant hits you from afar with a +3 antimagic spear!
You feel your power leaking away. 😮 HP[-8] MP[-5]
You take 8 damage, and now have 33/63 hp.
You lost 5 mp, and now have 4/10 mp.
You hit the bullfrog.
The bullfrog shudders as magic cascades through it!!
You kill the bullfrog!
The gnoll stops glowing.
The gnoll sergeant hits you from afar with a +3 antimagic spear.
* * * LOW HITPOINT WARNING * * *
You feel your power leaking away. 😨 HP[-5] MP[-2]
You take 5 damage, and now have 28/63 hp.
You lost 2 mp, and now have 2/10 mp.
Okay, then.
Okay, then.
Okay, then.
It was a potion of brilliance.
You feel clever all of a sudden.
You block the gnoll sergeant's attack. 😨 HP[+1] It was a potion of might.
You feel very mighty all of a sudden.
The gnoll sergeant hits you from afar with a +3 antimagic spear!
* * * LOW HITPOINT WARNING * * *
You feel your power leaking away. 😨 HP[-13] MP[-2]
You take 13 damage, and now have 16/63 hp.
MASSIVE DAMAGE!! (PAUSE)
You lost 2 mp, and now have 0/10 mp.
It was a potion of enlightenment.
You feel very buoyant.
You fly up into the air.
The gnoll sergeant hits you from afar with a +3 antimagic spear.
* * * LOW HITPOINT WARNING * * *
You feel your power leaking away. 😱 HP[-3]
You take 3 damage, and now have 13/63 hp.
Unknown command.
It was a potion of degeneration.
There was something very wrong with that liquid.
You feel weakened.
You feel dopey.
You feel clumsy.
The gnoll sergeant hits you from afar with a +3 antimagic spear!
* * * LOW HITPOINT WARNING * * *
😱 HP[-9]
You take 9 damage, and now have 4/63 hp.
Unknown command.
Unknown command.
It was a potion of attraction.
You feel attractive to monsters.
The gnoll sergeant hits you from afar with a +3 antimagic spear.
You die...

Skill      XL: |  1  2  3  4  5  6  7  8 |
---------------+-------------------------+-----
Shapeshifting  | 3 4 5 6 7 |  7.7
Unarmed Combat | 3 4 5 6 |  6.2
Fighting       | 2 3 |  3.4
Dodging        | 2 3 |  3.9

Action                     |  1- 3 |  4- 6 |  7- 9 || total
---------------------------+-------+-------+-------++-------
  Melee: Unarmed           |    95 |   112 |   189 ||   396
         Punch             |     1 |       |       ||     1
    Use: Potion            |       |       |     5 ||     5
   Stab: Sleeping          |     2 |       |       ||     2
 Armour: Animal skin       |    34 |       |       ||    34
         Ring mail         |    10 |    58 |   108 ||   176
  Dodge: Dodged            |    44 |    64 |    66 ||   174
  Block: Other             |       |     2 |    32 ||    34
   Form: Flux              |     1 |       |       ||     1

Levels and vault maps discovered:
D:1:      shiori_arrival_maze, layout_loops_corners, minmay_split_cup_small
D:2:      layout_basic, basic_altar, minmay_tall_x, uniq_sigmund
D:3:      layout_rooms, grunt_ministairs_15
D:4:      layout_basic, minmay_temple_entry_mini_moons
D:5:      layout_loops_corners, mainiacjoe_overflow_tiny_flanked,
          nicolae_nh_oracle_at_delphi, uniq_pikel
D:6:      layout_rooms

Notes
Turn   | Place    | Note
-------+----------+-------------------------------------------
     0 | D:1      | kae the Demigod Shapeshifter began the quest for the Orb.
     0 | D:1      | Reached XP level 1. HP: 15/15 MP: 3/3
     0 | D:1      | magus.rc [v1.11.3]
   170 | D:1      | Reached skill level 3 in Shapeshifting
   361 | D:1      | Reached XP level 2. HP: 20/22 MP: 4/4
   433 | D:1      | You pick up a book of Blood and begin reading...
   433 | D:1      | You add the spells Sublimation of Blood, Wereblood and
                  | Summon Hydra to your library.
   630 | D:1      | Reached skill level 3 in Unarmed Combat
  1021 | D:2      | You pick up a book of Minor Magic and begin reading...
  1021 | D:2      | You add the spells Magic Dart, Call Imp and Mephitic Cloud
                  | to your library.
  1219 | D:2      | Noticed Sigmund
  1253 | D:2      | Identified the +0 ring mail "Zixko" {rElec Regen+ Int+2
                  | Dex-3}
  1272 | D:2      | Reached XP level 3. HP: 27/27 MP: 5/5
  1334 | D:2      | Killed Sigmund
  1335 | D:2      | Reached skill level 4 in Shapeshifting
  1335 | D:2      | Reached XP level 4. HP: 19/34 MP: 6/6
  1335 | D:2      | Reached XP level 5. HP: 22/39 MP: 7/7
  1875 | D:3      | Reached skill level 4 in Unarmed Combat
  2348 | D:4      | Found a staircase to the Ecumenical Temple.
  2361 | D:4      | You pick up a book of Minor Magic and begin reading...
  2398 | D:4      | Noticed a yak
  2411 | D:4      | Noticed a yak
  2413 | D:4      | Noticed a yak
  2425 | D:4      | Killed a yak
  2426 | D:4      | Reached skill level 5 in Shapeshifting
  2426 | D:4      | Reached XP level 6. HP: 38/46 MP: 8/8
  2437 | D:4      | Killed a yak
  2441 | D:4      | Killed a yak
  2442 | D:4      | Reached skill level 5 in Unarmed Combat
  2442 | D:4      | Reached skill level 6 in Shapeshifting
  2442 | D:4      | Reached XP level 7. HP: 30/51 MP: 9/9
  2548 | D:4      | Reached skill level 1 in Fighting
  2548 | D:4      | Reached skill level 2 in Dodging
  2788 | D:4      | You add the spells Sting, Poisonous Vapours and Olgreb's
                  | Toxic Radiance to your library.
  3022 | D:5      | Entered Level 5 of the Dungeon
  3212 | D:5      | Reached skill level 2 in Fighting
  3263 | D:5      | Reached XP level 8. HP: 60/61 MP: 10/10
  3527 | D:5      | You pick up a book of Iron and begin reading...
  3527 | D:5      | You add the spells Summon Lightning Spire, Animate Armour
                  | and Lee's Rapid Deconstruction to your library.
  3541 | D:5      | Reached skill level 3 in Dodging
  3541 | D:5      | Noticed Pikel
  3578 | D:5      | Reached skill level 7 in Shapeshifting
  3738 | D:5      | Killed Pikel
  3739 | D:5      | Reached skill level 3 in Fighting
  3739 | D:5      | Reached skill level 6 in Unarmed Combat
  3767 | D:5      | You pick up a book of Cantrips and begin reading...
  3767 | D:5      | You add the spells Necrotise, Summon Small Mammal and
                  | Apportation to your library.
  3775 | D:5      | Found The Oracle's Delphic Readings.
  3792 | D:5      | You add the spells Gell's Gravitas, Teleport Other and
                  | Dispersal to your library.
  4247 | D:6      | You add the spells Ozocubu's Armour and Ozocubu's
                  | Refrigeration to your library.
  4289 | D:6      | HP: 13/63 [gnoll sergeant/+3 antimagic spear (5)]
  4290 | D:6      | HP: 4/63 [gnoll sergeant/+3 antimagic spear (10)]
  4291 | D:6      | Slain by a gnoll sergeant

Vanquished Creatures
  Pikel (D:5)
  Sigmund (D:2)
  3 yaks (D:4)
  A water moccasin (D:5)
  2 black bears
  2 ogres
  4 lemures (D:5)
  A bullfrog (D:6)
  2 scorpions
  3 hounds
  2 jellies
  2 iguanas
  2 sleepcaps (D:6)
  7 adders
  A shadow imp (D:4)
  2 dart slugs (D:1)
  7 orcs
  3 bats
  3 endoplasms
  3 giant cockroaches
  5 goblins
  9 hobgoblins
  3 jackals (D:2)
  3 quokkas
  9 ball pythons
  5 frilled lizards
  3 kobolds
  8 rats
97 creatures vanquished.

Table legend:
 A = Non-vault XP
 B = Vault XP
 C = Vault XP percentage of total XP
 D = Non-vault monster count
 E = Vault monster count
 F = Vault count percentage of total count
                 A         B        C        D         E       F
            +---------+---------+-------+---------+---------+-------
      Total |    2015 |     907 |  31.0 |      78 |      15 |  16.1
            +---------+---------+-------+---------+---------+-------
        D:1 |      26 |       6 |  18.8 |      15 |       5 |  25.0
        D:2 |      35 |     217 |  86.1 |      15 |       5 |  25.0
        D:3 |      53 |       2 |   3.6 |      10 |       2 |  16.7
        D:4 |    1061 |       0 |   0.0 |      23 |       0 |   0.0
        D:5 |     583 |     682 |  53.9 |       7 |       3 |  30.0
        D:6 |     257 |       0 |   0.0 |       8 |       0 |   0.0
            +---------+---------+-------+---------+---------+-------

Skill      XL: |  1  2  3  4  5  6  7  8 |
---------------+-------------------------+-----
Shapeshifting  | 3 4 5 6 7 |  7.7
Unarmed Combat | 3 4 5 6 |  6.2
Fighting       | 2 3 |  3.4
Dodging        | 2 3 |  3.9

Action                     |  1- 3 |  4- 6 |  7- 9 || total
---------------------------+-------+-------+-------++-------
  Melee: Unarmed           |    95 |   112 |   189 ||   396
         Punch             |     1 |       |       ||     1
    Use: Potion            |       |       |     5 ||     5
   Stab: Sleeping          |     2 |       |       ||     2
 Armour: Animal skin       |    34 |       |       ||    34
         Ring mail         |    10 |    58 |   108 ||   176
  Dodge: Dodged            |    44 |    64 |    66 ||   174
  Block: Other             |       |     2 |    32 ||    34
   Form: Flux              |     1 |       |       ||     1

Illustrated notes

Table legend:
 A = Kills in this place as a percentage of kills in the entire game.
 B = Kills by you in this place as a percentage of kills by you in the entire game.
 C = Kills by friends in this place as a percentage of kills by friends in the entire game.
 D = Other kills in this place as a percentage of other kills in the entire game.
 E = Experience gained in this place as a percentage of experience gained in the entire game.
 F = Experience gained in this place divided by the number of levels of this place that you have seen.
                   A       B       C       D       E      F
               +-------+-------+-------+-------+-------+----------------------
         Total | 100.0 | 100.0 |   N/A |   N/A | 100.0 | 487.0
       Dungeon | 100.0 | 100.0 |   N/A |   N/A | 100.0 | 487.0
               +-------+-------+-------+-------+-------+----------------------

Table legend: (Time is in decaauts)
 A = Elapsed time spent in this place.
 B = Non-inter-level travel time spent in this place.
 C = Inter-level travel time spent in this place.
 D = Time resting spent in this place.
 E = Time spent auto-exploring this place.
 F = Levels seen in this place.
 G = Mean time per level.
                   A        B        C        D        E       F      G
               +--------+--------+--------+--------+--------+-----+--------+
         Total |   4255 |   4144 |    111 |    126 |   3280 |   6 |  709.2 |
       Dungeon |   4255 |   4144 |    111 |    126 |   3280 |   6 |  709.2 |
               +--------+--------+--------+--------+--------+-----+--------+

Top non-repeatable levels by time:
     D:5: 1038 daAuts
     D:1: 978 daAuts
     D:2: 875 daAuts
     D:4: 677 daAuts
     D:3: 469 daAuts
     D:6: 216 daAuts
